Workbook

Sheet Instructions
A1: EQUITY RESEARCH Evaluation material
A3: Instructions:
A4: · The test contains two parts – Model Update and Report on the stock ‘Inmarsat Plc’. Please find below the instructions for each part as a separate sub-section
A5: · Please use relevant reports and presentations available on the company's website to populate the model and the report
A6: · In the event of any doubts or queries, use your best judgement to interpret. Feel free to document the same appropriately as a comment
A7: · The time limit for the test is 2 hours
A9: Model Update:
A10: In the couple of other tabs available in this spreadsheet, kindly do the following:
A11: · ‘Variance’ sheet – Update the yellow highlighted cells with company reported numbers using relevant formulae where applicable
A12: · ‘Model’ sheet – Update the FY2017 forecasts in the 'Revenue & Cost model' and 'Income Statement' with company reported numbers. BS and CF already contain the reported numbers Update the yellow highlighted cells by linking it with the appropriate line items in the model
A14: Report:
A15: Using a blank MS-Word document, kindly write a one-page investment case focusing on the following
... A18: · Interpretation of the FY 2018 guidance and its implications on our assumptions which have been highlighted in blue in the 'Model' sheet

Sheet Model
B1: Inmarsat Plc
B3: Enterprise Valuation | C3: FY2018F
B4: Share Price (GBP) | C4: 362.1
B5: Exchange rate | C5: 1.18
B6: No. of shares used to calculate mkt cap (m) | C6: =610500000 -> 610500000
B7: Total Market Cap (USDm) | C7: =C4*C6/10^6 -> 221062.05
B8: Net Debt | C8: =E148 -> 0
B9: Minority Interests | C9: =E144 -> 1
B10: Investments | C10: =E108 -> 1.2
B11: Associates | C11: =E118 -> 0
B12: Pension Liabilities | C12: =E135 -> 0
B13: Other Obligations | C13: =E137 -> 262.3
B14: Enterprise value (USDm) | C14: =C7+C8+C9-C10-C11+C12+C13 -> 221324.15
B16: ValuationSummary | C16: FY2017A | D16: FY2018F
B17: Valuation Metrics
B18: Share Price
B19: P/E (x)
B20: P/BV (x)
B21: EV/EBITDA (x)
B22: FCF Yield (%)
B23: Dividend Yield (%)
B25: Year Ending | C25: FY2016 | D25: FY2017 | E25: FY2018
B26: (USDm) | C26: A | D26: F | E26: z
B27: Revenue & Cost Model | C27: =C$25 -> FY2016 | D27: =D$25 -> FY2017 | E27: =E$25 -> FY2018
B28: Segmental Sales
B29: Maritime | C29: 575.3 | D29: 564.7 | E29: =D29*(1+E35) -> 595.1938
B30: Government | C30: 330.5 | D30: 366.7 | E30: =D30*(1+E36) -> 359.366
B31: Aviation | C31: 142.6 | D31: 195 | E31: =D31*(1+E37) -> 204.75
B32: Enterprise | C32: 144.6 | D32: 132.6 | E32: =D32*(1+E38) -> 137.904
B33: Central services | C33: 136 | D33: 141.2 | E33: =D33*(1+E39) -> 147.2716
B34: YoY Growth
B35: Maritime | C35: na | D35: =D29/C29-1 -> -0.018425169 | E35: 0.054
B36: Government | C36: na | D36: =D30/C30-1 -> 0.10953101 | E36: -0.02
B37: Aviation | C37: na | D37: =D31/C31-1 -> 0.36746143 | E37: 0.05
B38: Enterprise | C38: na | D38: =D32/C32-1 -> -0.082987552 | E38: 0.04
B39: Central services | C39: na | D39: =D33/C33-1 -> 0.038235294 | E39: 0.043
B40: Sales | C40: =SUM(C29:C33) -> 1329 | D40: =SUM(D29:D33) -> 1400.2 | E40: =SUM(E29:E33) -> 1444.4854
B41: % growth | C41: na | D41: =D40/C40-1 -> 0.053574116 | E41: =E40/D40-1 -> 0.03162791
B42: EBITDA
B43: Maritime | C43: 454.8 | D43: 441.9 | E43: =E29*E49 -> 463.06078
B44: Government | C44: 244 | D44: 265.2 | E44: =E30*E50 -> 255.50923
B45: Aviation | C45: 97.4 | D45: 103.4 | E45: =E31*E51 -> 122.85
B46: Enterprise | C46: 105.9 | D46: 91.9 | E46: =E32*E52 -> 95.15376
B47: Central services | C47: -107.3 | D47: 151 | E47: =E33*E53 -> -161.99876
B48: EBITDA Margin
B49: Maritime | C49: =C43/C29 -> 0.79054406 | D49: =D43/C43-1 -> -0.028364116 | E49: 0.778
B50: Government | C50: =C44/C30 -> 0.73827534 | D50: =D44/C44-1 -> 0.086885246 | E50: 0.711
B51: Aviation | C51: =C45/C31 -> 0.68302945 | D51: =D45/C45-1 -> 0.061601643 | E51: 0.6
B52: Enterprise | C52: =C46/C32 -> 0.73236515 | D52: =D46/C46-1 -> -0.13220019 | E52: 0.69
B53: Central services | C53: =C47/C33 -> -0.78897059 | D53: =D47/C47-1 -> -2.4072693 | E53: -1.1
B54: Total EBITDA | C54: =SUM(C43:C47) -> 794.8 | D54: =SUM(D43:D47) -> 1053.4 | E54: =SUM(E43:E47) -> 774.575
B55: Overall margin % | C55: =IFERROR(C54/C40,"na") -> 0.59804364 | D55: =IFERROR(D54/D40,"na") -> 0.7523211 | E55: =IFERROR(E54/E40,"na") -> 0.53622903
B58: Income Statement | C58: FY2016 | D58: FY2017 | E58: FY2018
B59: Net sales | C59: =C40 -> 1329 | D59: 1400.2 | E59: =E40 -> 1444.4854
B60: Net sales growth (%) | C60: na | D60: =IFERROR(D59/C59-1,"na") -> 0.053574116 | E60: =IFERROR(E59/D59-1,"na") -> 0.03162791 | F60: ----
B61: Cost of sales | C61: =C62 - C59 -> -168.6 | D61: 192.8 | E61: =E62 - E59 -> -202.22796
B62: Gross profit | C62: 1160.4 | D62: =D59-D61 -> 1207.4 | E62: =E59*E63 -> 1242.2574
B63: Gross profit (%) | C63: =IFERROR(C62/C$59,"na") -> 0.8731377 | D63: =D62/D59 -> 0.86230538 | E63: 0.86
B64: Selling, general & administrative | C64: -267.7 | D64: -293 | E64: =E59*E65 -> -329.34267
B65: as a % of sales (%) | C65: =IFERROR(C64/C$59,"na") -> -0.20142965 | D65: =D64/D59 -> -0.20925582 | E65: -0.228
B66: Other operating income / (expense) | C66: -97.9 | D66: =-212.1+49.1 -> -163 | E66: =E74-E62-E64-E70 -> 735.54223 | F66: -----
B67: as % of sales | C67: =IFERROR(C66/C$59,"na") -> -0.073664409 | D67: =D66/D59 -> -0.11641194 | E67: =E66/E59 -> 0.50920711 | F67: ----
B69: EBITDA | C69: =C54 -> 794.8 | D69: =D62+D64+D66 -> 751.4 | E69: =E54 -> 774.575 | F69: -----
B70: Depreciation | C70: -350.6 | D70: =323.5+83.2 -> 406.7 | E70: =IFERROR(-D117*E71,0) -> -436.941
B71: as a % of net fixed and intangible assets (%) | D71: 0.135 | E71: 0.135
B72: Amortization | C72: 0 | D72: 0 | E72: 0
B74: EBIT | C74: =C69 + C70 + C72 -> 444.2 | D74: =D69-D70 -> 344.7 | E74: =E69-E70 -> 1211.516
B75: Investment income | C75: 0 | D75: 0 | E75: =D75 -> 0
B76: Net interest income / (expense) | C76: -119.1 | D76: =-105.9+6.5 -> -99.4 | E76: =D76 -> -99.4
B77: Other non-operating income / (expense) | C77: -28.3 | D77: 23.8 | E77: =D77 -> 23.8
B78: Share of associates' / JVs' equity accounted profit / (loss) (pre-tax) | C78: 2.4 | D78: 0.9 | E78: =D78 -> 0.9
B79: Exceptional / extraordinary gain / (loss) (pre-tax) | C79: 0 | D79: 0 | E79: =D79 -> 0
B81: PBT | C81: =C74+C75+C76+C77+C78+C79 -> 299.2 | D81: =SUM(D74:D79) -> 270 | E81: =E74+E75+E76+E77+E78+E79 -> 1136.816
B82: Taxes on income | C82: -55.8 | D82: -47.5 | E82: =IFERROR(-E81*E83,0) -> 199.99541
B83: Tax rate % | C83: =IFERROR(-C82/C$81,"na") -> 0.18649733 | D83: =D82/D81 -> -0.17592593 | E83: =D83 -> -0.17592593
B84: PAT | C84: =C81+C82 -> 243.4 | D84: =D81+D82 -> 222.5 | E84: =E81+E82 -> 1336.8114
B85: Share of associates' / JVs' equity accounted profit / (loss) (post-tax) | C85: 0 | D85: 0 | E85: =D85 -> 0
B86: Amortization/impairment of goodwill (if shown post-tax) | C86: 0 | D86: 0 | E86: =D86 -> 0
B87: Exceptional / extraordinary gain / (loss) (post-tax) | C87: 0 | D87: 0 | E87: =D87 -> 0
B88: Other post tax income / (charges) | C88: 0 | D88: 0 | E88: =D88 -> 0
B89: Minority interests | C89: 0.6 | D89: 0.4 | E89: =D89 -> 0.4
B90: Preference dividends | C90: 0 | D90: 0 | E90: =D90 -> 0
B92: Net profit post-minorities | C92: =SUM(C84:C88)-SUM(C89:C90) -> 242.8 | D92: =SUM(D84:D88)-SUM(D89:D90) -> 222.1 | E92: =SUM(E84:E88)-SUM(E89:E90) -> 1336.4114
B93: Net profit dilution | C93: 0 | D93: =C93 -> 0 | E93: =D93 -> 0
B95: Basic number of shares outstanding | C95: 452.06282 | D95: 454.8 | E95: =D95 -> 454.8
B96: Basic number of shares – average | C96: 449.525 | D96: =AVERAGE(C95:D95) -> 453.43141 | E96: =AVERAGE(D95:E95) -> 454.8
B97: Diluted number of shares outstanding | C97: 456.21282 | D97: 459.9 | E97: =D97 -> 459.9
B98: Diluted number of shares – average | C98: 453.675 | D98: =AVERAGE(C97:D97) -> 458.05641 | E98: =AVERAGE(D97:E97) -> 459.9
B100: Basic EPS | C100: =IFERROR(C92/(C96),"na") -> 0.54012569 | D100: =IFERROR(D92/(D96),"na") -> 0.4898205 | E100: =IFERROR(E92/(E96),"na") -> 2.9384596
B101: Fully Diluted EPS | C101: =IFERROR((C92+C93)/(C98),"na") -> 0.53518488 | D101: =IFERROR((D92+D93)/(D98),"na") -> 0.48487478 | E101: =IFERROR((E92+E93)/(E98),"na") -> 2.9058739
B102: DPS - adjusted for split and bonus | C102: 0.5396 | D102: 0.27 | E102: =D102 -> 0.27
B103: Dividend payout (%)
B106: Balance Sheet | C106: FY2016 | D106: FY2017 | E106: FY2018
B107: Cash & cash equivalents | C107: 262 | D107: 144.9 | E107: =D107+E177 -> 233.73623
B108: Investments - current | C108: 1.7 | D108: 1.2 | E108: =D108 -> 1.2
B109: Accounts receivable | C109: 395 | D109: 319.4 | E109: =IFERROR(E59*E110,0) -> 329.50195
B110: as a % of sales (%) | C110: =IFERROR(C109/C$59,"na") -> 0.29721595 | D110: =IFERROR(D109/D$59,"na") -> 0.22811027 | E110: =D110 -> 0.22811027
B111: Inventories & WIP | C111: 34.3 | D111: 33.9 | E111: =IFERROR(-E61*E112,0) -> -35.557716
B112: as a % of cost of sales (%) | C112: =IFERROR(-C111/C$61,"na") -> 0.20344009 | D112: =IFERROR(-D111/D$61,"na") -> -0.17582988 | E112: =D112 -> -0.17582988
B113: Other current assets | C113: 11.3 | D113: 358.6 | E113: =IFERROR(E59*E114,0) -> 221.03773
...

Sheet Variance
B2: Earnings Variance Table
C4: Actual | E4: y-o-y growth (%) | F4: Analyst Est | G4: Consensus | H4: Beat / (Miss) (%)
B5: USD Million | C5: FY2017A | D5: FY2016A | F5: FY2017 | G5: FY2017 | H5: vs. Analyst Est | I5: vs. Consenus
B6: Revenue | D6: =Model!C40 -> 1329 | F6: =Model!D40 -> 1400.2 | G6: 1420
B7: EBITDA | D7: =Model!C54 -> 794.8 | F7: =Model!D54 -> 1053.4 | G7: 765
B8: margin
B9: EBIT | D9: =Model!C74 -> 444.2 | F9: =Model!D74 -> 344.7 | G9: 360
B10: margin
B11: Net Profit | D11: =Model!C92 -> 242.8 | F11: =Model!D92 -> 222.1 | G11: 205
B12: EPS | D12: =Model!C101 -> 0.53518488 | F12: =Model!D101 -> 0.48487478 | G12: 0.43
